[Event "Titled Tuesday Blitz December 7 2021"]
[White "Aradhya, Garg"]
[Black "Garagulya, Konstantin"]
[WhiteFideId "25006746"]
[BlackFideId "4128931"]
[WhiteElo "2176"]
[BlackElo "2329"]
[Result "1/2-1/2"]
[Round "07"]
[TimeControl "180+1"]
[Date "2021.12.07"]
[WhiteClock "0:00:06"]
[BlackClock "0:00:02"]

1. d4 Nf6 2. c4 e6 3. Nf3 d5 4. Nc3 Be7 5. Bf4 O-O 6. e3 b6 7. Bd3 dxc4 8. Bxc4 Bb7 9. O-O Nbd7 10. d5 exd5 11. Nxd5 Nxd5 12. Bxd5 c6 13. Bc4 Nc5 14. Qc2 b5 15. Rfd1 Qb6 16. Be2 Ne6 17. Rd7 Nxf4 18. exf4 Bf6 19. Bd3 h6 20. a4 bxa4 21. Rxa4 Rfd8 22. Rxd8+ Rxd8 23. b3 c5 24. Bh7+ Kf8 25. Be4 Bxe4 26. Rxe4 Rb8 27. g3 Qxb3 28. Qxc5+ Kg8 29. Qxa7 Rd8 30. Kg2 Qd5 31. Qe3 Kf8 32. h4 g6 33. f5 gxf5 34. Rf4 Rc8 35. Qd2 Qe6 36. Qd3 Rc5 37. Qa3 Be7 38. Qa8+ Kg7 39. Qa1+ Bf6 40. Qa7 Rc3 41. Qb7 Rd3 42. Rb4 Rd1 43. Qb6 Qe2 44. Qb5 Qe6 45. Qc4 Qe7 46. Rb5 Qe6 47. Qxe6 fxe6 48. Rb7+ Kg6 49. Nh2 Rd6 50. Nf1 e5 51. Ne3 h5 52. Kf3 Re6 53. Rb5 e4+ 54. Kf4 Bd4 55. Nxf5 Bxf2 56. Re5 Rxe5 57. Kxe5 e3 58. Nd4 Bxg3+ 59. Ke4 Bxh4 60. Kxe3 Bg5+ 61. Kf2 Bf6 62. Nf3 Kf5 63. Kg3 Be7 64. Kh3 Kf4 65. Ne1 Bf6 66. Ng2+ Kf3 67. Nh4+ Kf4 68. Ng2+ Kf3 69. Nh4+ Bxh4 70. Kxh4 Kf4 71. Kh3 h4 72. Kxh4 1/2-1/2


[Site "https://www.chess.com"]

[Event "Titled Tuesday Blitz December 7 2021"]
[White "Arencibia Monduy, Antonio"]
[Black "Durarbayli, Vasif"]
[WhiteFideId "3507939"]
[BlackFideId "13402935"]
[WhiteElo "2624"]
[BlackElo "2599"]
[Result "1/2-1/2"]
[Round "07"]
[TimeControl "180+1"]
[Date "2021.12.07"]
[WhiteClock "0:00:05"]
[BlackClock "0:00:06"]

1. d4 Nf6 2. Bf4 c5 3. c3 Qb6 4. Bc1 d5 5. Nf3 g6 6. e3 Bg7 7. Bd3 O-O 8. O-O Nc6 9. Nbd2 Re8 10. dxc5 Qxc5 11. e4 Bg4 12. h3 Bxf3 13. Qxf3 Ne5 14. Qe2 Nxd3 15. Qxd3 Rad8 16. e5 Nd7 17. Nb3 Qc4 18. Qe3 Nxe5 19. Qxa7 Ra8 20. Qe3 Nc6 21. Bd2 e5 22. Rfe1 h5 23. Qc5 Qd3 24. Be3 Bf8 25. Qb6 Qa6 26. Qxa6 bxa6 27. Rad1 Red8 28. Bc5 a5 29. Bxf8 Kxf8 30. Nc5 Ke7 31. Nd3 f6 32. Nf4 d4 33. Nxg6+ Kf7 34. Nh4 Rab8 35. cxd4 Nxd4 36. b3 a4 37. bxa4 Rb2 38. Nf3 Nxf3+ 39. gxf3 Rxd1 40. Rxd1 Rxa2 41. Rd7+ Kg6 42. Ra7 Kf5 43. Kg2 Kf4 44. Ra6 f5 45. a5 h4 46. Ra8 Ra3 47. Rh8 Kg5 48. Rg8+ Kf4 49. Rh8 Kg5 50. Rg8+ Kf4 51. Rh8 1/2-1/2


[Site "https://www.chess.com"]

[Event "Titled Tuesday Blitz December 7 2021"]
[White "Artemenko, Oleg"]
[Black "Maly, Alexey"]
[WhiteFideId "14201798"]
[BlackFideId "14103184"]
[WhiteElo "2287"]
[BlackElo "2294"]
[Result "0-1"]
[Round "07"]
[TimeControl "180+1"]
[Date "2021.12.07"]
[WhiteClock "0:00:29"]
[BlackClock "0:01:25"]

1. d4 d5 2. Nc3 Nf6 3. Bf4 a6 4. e3 e6 5. g4 c5 6. g5 Nfd7 7. Bg2 Nc6 8. Nf3 Be7 9. h4 b5 10. Ne2 Bb7 11. Ng3 Qb6 12. h5 O-O-O 13. c3 f6 14. gxf6 gxf6 15. Bh3 f5 16. a4 b4 17. Rc1 c4 18. Qc2 b3 19. Qe2 Bf6 20. Bg5 Rhg8 21. Bxf6 Nxf6 22. Nd2 Rg5 23. Nf3 Rgg8 24. Rg1 Rd7 25. Kd2 Rdg7 26. h6 Rg6 27. Nxf5 Rxg1 28. Nd6+ Kd7 29. Rxg1 Rxg1 30. Nxc4 dxc4 31. Nxg1 Ne4+ 32. Ke1 Qa5 33. Qxc4 Nd8 34. Nf3 Bd5 35. Ne5+ Ke8 36. Qc8 Qxa4 37. f3 Qa1+ 38. Ke2 Qxb2+ 39. Kf1 Qf2# 0-1


[Site "https://www.chess.com"]

[Event "Titled Tuesday Blitz December 7 2021"]
[White "Babazada, Khazar"]
[Black "Tologon tegin, Semetei"]
[WhiteFideId "13413554"]
[BlackFideId "13800574"]
[WhiteElo "2874"]
[BlackElo "2626"]
[Result "1-0"]
[Round "07"]
[TimeControl "180+1"]
[Date "2021.12.07"]
[WhiteClock "0:00:14"]
[BlackClock "0:00:09"]

1. e4 g6 2. Nf3 Bg7 3. d4 d6 4. Nc3 Nf6 5. h3 O-O 6. Be2 Nc6 7. O-O e5 8. Be3 exd4 9. Nxd4 Re8 10. Nxc6 bxc6 11. Qd2 Bd7 12. f3 c5 13. Rab1 Rb8 14. a3 Nh5 15. Rfd1 Qh4 16. Bf2 Ng3 17. Bc4 Be5 18. Nd5 c6 19. Ne3 Qf4 20. c3 Bxh3 21. Bxg3 Qxg3 22. Nf1 Qh4 23. gxh3 d5 24. Bd3 Bf4 25. Qg2 Re5 26. Nh2 Rg5 27. Ng4 h5 28. exd5 hxg4 29. fxg4 cxd5 30. Be2 d4 31. Kh1 Re5 32. Rd3 Be3 33. cxd4 Bxd4 34. Rf1 Rbe8 35. Bd1 Re1 36. Rf3 Rxf1+ 37. Rxf1 Re1 38. Bb3 Kg7 39. Qf3 Rxf1+ 40. Qxf1 f6 41. Kg2 Qg5 42. Qe2 Qf4 43. Qe7+ Kh6 44. Qe2 Kg5 45. Qe1 Be5 46. h4+ Kxg4 47. Bd1+ Kf5 48. Bc2+ Ke6 49. Qe4 Qh2+ 50. Kf1 Qh3+ 51. Ke2 Qh2+ 52. Kd3 f5 53. Qc6+ Bd6 54. Qe8+ Kf6 55. Bb3 Be7 56. Qf7+ Ke5 57. Qxe7+ Kf4 58. Qc7+ Kf3 59. Qxh2 1-0


[Site "https://www.chess.com"]

[Event "Titled Tuesday Blitz December 7 2021"]
[White "Begunov, Konstantin"]
[Black "Odegov, Artem"]
[WhiteFideId "4118510"]
[BlackFideId "34183644"]
[WhiteElo "2262"]
[BlackElo "2274"]
[Result "1/2-1/2"]
[Round "07"]
[TimeControl "180+1"]
[Date "2021.12.07"]
[WhiteClock "0:00:11"]
[BlackClock "0:00:12"]

1. d4 Nf6 2. c4 c5 3. Nf3 cxd4 4. Nxd4 Nc6 5. Nc3 g6 6. g3 Bg7 7. Bg2 O-O 8. O-O d6 9. Nxc6 bxc6 10. Bxc6 Bh3 11. Bxa8 Qxa8 12. f3 Bxf1 13. Kxf1 Qc6 14. Nd5 Nxd5 15. cxd5 Qb6 16. Qb3 Qc7 17. Rb1 Rb8 18. Qd3 Qa5 19. a3 Qa4 20. Bg5 Rb3 21. Qe4 Qxe4 22. fxe4 Rxb2 23. Rxb2 Bxb2 24. Bxe7 Bxa3 25. e5 f5 26. exd6 Kf7 27. Ke1 Ke8 28. Kd2 Kd7 29. Kd3 Bxd6 30. Bf6 Bc5 31. Be5 Bd6 32. Bd4 a5 33. e4 fxe4+ 34. Kxe4 Bb4 35. Kd3 Kd6 36. Kc4 h5 37. h3 Be1 38. g4 hxg4 39. hxg4 Kd7 40. Bc5 Bd2 41. Kb5 Be1 42. Bf8 Bc3 43. Bc5 Kc7 44. Bf8 Bd2 45. Bc5 Be1 46. Bf8 Kd7 47. Bc5 Bc3 48. Bf8 Bd2 49. Bc5 Bc3 50. Bf8 Be1 51. Bc5 1/2-1/2


[Site "https://www.chess.com"]

[Event "Titled Tuesday Blitz December 7 2021"]
[White "Belyakov, Bogdan"]
[Black "Adly, Ahmed"]
[WhiteFideId "24104795"]
[BlackFideId "10601619"]
[WhiteElo "2407"]
[BlackElo "2656"]
[Result "0-1"]
[Round "07"]
[TimeControl "180+1"]
[Date "2021.12.07"]
[WhiteClock "0:01:14"]
[BlackClock "0:01:09"]

1. e4 c6 2. d4 d5 3. e5 Bf5 4. Nd2 e6 5. Nb3 a5 6. a4 Nd7 7. Nf3 h6 8. Be2 g5 9. O-O g4 10. Ne1 h5 11. Nd3 Ne7 12. Ndc5 Nxc5 13. Nxc5 Qc7 14. c4 dxc4 15. Bxc4 Ng6 16. Bd3 Bxd3 17. Nxd3 Rd8 18. Be3 Nh4 19. Qe2 Nf5 20. Rad1 Nxd4 21. Bxd4 Rxd4 22. b3 Be7 23. f3 Qb6 24. Kh1 Qxb3 25. f4 O-O 26. Nf2 Rfd8 27. Rxd4 Rxd4 28. Nxg4 hxg4 29. Qxg4+ Kf8 30. Qh5 Ke8 31. f5 Qd3 32. Kg1 Rf4 0-1


[Site "https://www.chess.com"]

[Event "Titled Tuesday Blitz December 7 2021"]
[White "Bentivegna, Francesco"]
[Black "Vantika, Agrawal"]
[WhiteFideId "809055"]
[BlackFideId "25050389"]
[WhiteElo "2254"]
[BlackElo "1917"]
[Result "0-1"]
[Round "07"]
[TimeControl "180+1"]
[Date "2021.12.07"]
[WhiteClock "0:00:09"]
[BlackClock "0:00:23"]

1. e4 c6 2. d4 d5 3. e5 Bf5 4. Nd2 e6 5. Nb3 Nd7 6. Nf3 c5 7. dxc5 a6 8. Be3 Qc7 9. Nfd4 Bg6 10. f4 Nh6 11. Bd3 Nxc5 12. Nxc5 Bxc5 13. O-O Bxd3 14. Qxd3 Bxd4 15. Bxd4 Nf5 16. g4 Nxd4 17. Qxd4 h5 18. f5 hxg4 19. fxe6 fxe6 20. Rf2 O-O-O 21. Re1 Rh4 22. Re3 Kb8 23. Rc3 Qe7 24. Rg3 Qg5 25. Qf4 Qg6 26. Qf7 Rh6 27. Qxg6 Rxg6 28. h3 Rg5 29. Rxg4 Rxe5 30. Rxg7 d4 31. Kg2 Rb5 32. b3 e5 33. Rg4 Rc5 34. Re2 Rdc8 35. Rg5 Rxc2 36. Rxe5 d3 37. Rf2 Rd8 38. Rxc2 dxc2 39. Rc5 Rc8 40. Rxc2 Rxc2+ 41. Kg3 Rxa2 42. h4 Ra3 43. h5 Rxb3+ 44. Kg4 Rb1 45. h6 Rh1 46. Kg5 Rxh6 47. Kxh6 a5 48. Kg5 a4 49. Kf4 a3 0-1


[Site "https://www.chess.com"]

[Event "Titled Tuesday Blitz December 7 2021"]
[White "Bilan, Danila"]
[Black "Shvedova, Alexandra"]
[WhiteFideId "24161918"]
[BlackFideId "54154782"]
[WhiteElo "2164"]
[BlackElo "1920"]
[Result "1-0"]
[Round "07"]
[TimeControl "180+1"]
[Date "2021.12.07"]
[WhiteClock "0:00:13"]
[BlackClock "0:00:31"]

1. d4 Nf6 2. Nf3 d6 3. Bg5 Nbd7 4. c3 b5 5. Nbd2 Bb7 6. e3 a6 7. a4 bxa4 8. Qxa4 e6 9. Bd3 Be7 10. Nc4 O-O 11. Na5 Bxf3 12. gxf3 Nb6 13. Qc2 h6 14. Bh4 Qd7 15. O-O d5 16. b4 Nh5 17. Bg3 f5 18. Be5 Bd6 19. f4 g5 20. Qe2 Qf7 21. Qf3 Bxe5 22. fxe5 f4 23. Nb3 Nc4 24. Bxc4 dxc4 25. Nc5 Ng7 26. Rxa6 Rxa6 27. Nxa6 Qf5 28. Nxc7 g4 29. Qxf4 Qxf4 30. exf4 Rxf4 31. Rb1 Rf8 32. b5 Rb8 33. b6 Kf7 34. b7 Ne8 35. Na6 Rxb7 36. Rxb7+ Kg6 37. Re7 Ng7 38. Rxg7+ Kxg7 39. Nc5 h5 40. Nxe6+ Kg6 41. Nf4+ Kf5 42. Nxh5 Ke6 43. Ng3 Kd5 44. Kf1 Ke6 45. Ke2 Kd5 46. Ke3 Ke6 47. Ke4 Ke7 48. d5 Kd7 49. e6+ Kd6 50. Nf5+ Kc5 51. e7 Kb5 52. e8=Q+ Ka5 53. Qb8 Ka4 54. Kd4 Ka3 55. Kxc4 Ka2 56. Ne3 Ka1 57. Nc2+ Ka2 58. Qb3# 1-0


[Site "https://www.chess.com"]

[Event "Titled Tuesday Blitz December 7 2021"]
[White "Bloomer, Josh"]
[Black "Kosteniuk, Alexandra"]
[WhiteFideId "2020416"]
[BlackFideId "4128125"]
[WhiteElo "2436"]
[BlackElo "2475"]
[Result "0-1"]
[Round "07"]
[TimeControl "180+1"]
[Date "2021.12.07"]
[WhiteClock "0:00:07"]
[BlackClock "0:00:45"]

1. e4 c6 2. d4 d5 3. f3 e6 4. Nc3 Bb4 5. Bd3 Ne7 6. Ne2 c5 7. dxc5 Bxc5 8. exd5 exd5 9. Bg5 Be6 10. Qd2 Nbc6 11. O-O-O h6 12. Bh4 O-O 13. Kb1 Qa5 14. Bxe7 Bxe7 15. a3 d4 16. Ne4 Qd5 17. b3 Bxa3 18. Nf4 Qd7 19. Nf6+ gxf6 20. Nh5 f5 21. Qxh6 f6 22. Qg6+ Kh8 23. Rde1 Ne5 24. Rxe5 fxe5 25. Nf6 Rxf6 26. Qxf6+ Kg8 27. Qg6+ Kf8 28. Re1 Bd6 29. Qh6+ Ke7 30. Bb5 Qxb5 31. Qg7+ Bf7 0-1


[Site "https://www.chess.com"]

[Event "Titled Tuesday Blitz December 7 2021"]
[White "Bologan, Victor"]
[Black "Pour Agha Bala, Amirreza"]
[WhiteFideId "13900048"]
[BlackFideId "12572896"]
[WhiteElo "2797"]
[BlackElo "2965"]
[Result "1/2-1/2"]
[Round "07"]
[TimeControl "180+1"]
[Date "2021.12.07"]
[WhiteClock "0:00:10"]
[BlackClock "0:00:19"]

1. e4 c5 2. Nf3 Nc6 3. Bb5 e6 4. Bxc6 bxc6 5. d3 d5 6. Qe2 Ne7 7. c4 Ng6 8. e5 Be7 9. g3 h5 10. h4 Bd7 11. Nc3 Qc7 12. b3 f6 13. exf6 gxf6 14. Bb2 O-O-O 15. O-O-O Kb8 16. Kb1 Bc8 17. Na4 e5 18. Nd2 Bf5 19. Ka1 Rhe8 20. Rc1 Bg4 21. f3 Be6 22. Ba3 f5 23. Bxc5 Bxc5 24. Nxc5 Qb6 25. d4 dxc4 26. Nxc4 Bxc4 27. Rxc4 Ka8 28. Na4 Qb5 29. Rhc1 exd4 30. Qd2 Ne5 31. Rxd4 Rxd4 32. Qxd4 Nxf3 33. Qd7 Qe5+ 34. Rc3 Qe1+ 35. Kb2 Qd2+ 36. Qxd2 Nxd2 37. Rxc6 Ne4 38. Rg6 Rd8 39. Nc3 Rd2+ 40. Kc1 Rd3 41. Nxe4 fxe4 42. Kc2 Rf3 43. Rg5 Kb7 44. a4 Kc6 45. b4 Ra3 46. a5 Kd6 47. Kd2 Rd3+ 48. Ke2 Kc6 49. Kf2 Rf3+ 50. Kg2 Rb3 51. Rxh5 Rxb4 52. g4 Kd6 53. Rf5 e3 54. Rf6+ Ke5 55. Rf8 Rxg4+ 56. Kf3 Rxh4 57. Kxe3 Ra4 58. Rh8 Kd5 59. Rh5+ Kc6 60. Kd3 Kb7 61. Kc3 Ka6 62. Kb3 Rg4 63. Ka3 Rf4 64. Kb3 Rf6 65. Kb4 Rf4+ 66. Kb3 Re4 67. Ka3 Kb7 68. Kb3 a6 69. Ka3 Kc6 70. Kb3 Re3+ 71. Kb4 Re4+ 72. Kb3 Rg4 73. Ka3 Kb7 74. Kb3 Rd4 75. Ka3 Kc6 76. Kb3 Rd3+ 77. Kc4 Rd6 78. Rc5+ Kb7 79. Rd5 Rh6 80. Rc5 Rh4+ 81. Kb3 Ka7 82. Ka3 Kb7 83. Kb3 Rf4 84. Ka3 Re4 85. Kb3 Rf4 86. Ka3 Re4 87. Kb3 Rf4 1/2-1/2


[Site "https://www.chess.com"]

[Event "Titled Tuesday Blitz December 7 2021"]
[White "Bortnyk, Olexandr"]
[Black "Mirzoev, Azer"]
[WhiteFideId "14120828"]
[BlackFideId "13400304"]
[WhiteElo "2937"]
[BlackElo "2723"]
[Result "1-0"]
[Round "07"]
[TimeControl "180+1"]
[Date "2021.12.07"]
[WhiteClock "0:00:52"]
[BlackClock "0:00:21"]

1. e4 c6 2. d4 d5 3. Nc3 dxe4 4. Nxe4 Nf6 5. Nxf6+ exf6 6. c3 Bd6 7. Bd3 O-O 8. Qc2 Re8+ 9. Ne2 h5 10. O-O Nd7 11. Nf4 h4 12. Qd1 Nf8 13. Qh5 Qc7 14. g3 hxg3 15. hxg3 Be6 16. Kg2 Bxf4 17. Bxf4 Qd7 18. Rh1 Qd5+ 19. f3 Qxh5 20. Rxh5 Ng6 21. Bd6 Rad8 22. Ba3 Bd5 23. Kf2 b5 24. Bc5 a5 25. a4 Bc4 26. Bxc4 bxc4 27. Re1 Rxe1 28. Kxe1 Rb8 29. Ba3 Re8+ 30. Kd2 Ne7 31. Bxe7 Rxe7 32. Rxa5 Rb7 33. Kc2 Re7 34. Rc5 Re2+ 35. Kb1 Re3 36. a5 Rxf3 37. a6 Re3 38. d5 cxd5 39. Rc8+ Kh7 40. a7 1-0


[Site "https://www.chess.com"]

[Event "Titled Tuesday Blitz December 7 2021"]
[White "Brunello, Marina"]
[Black "Khoroshev, Nikita"]
[WhiteFideId "822590"]
[BlackFideId "14200287"]
[WhiteElo "2328"]
[BlackElo "2354"]
[Result "0-1"]
[Round "07"]
[TimeControl "180+1"]
[Date "2021.12.07"]
[WhiteClock "0:00:18"]
[BlackClock "0:00:04"]

1. e4 e5 2. Nf3 Nc6 3. Bc4 Nf6 4. d3 Bc5 5. c3 d6 6. Qe2 h6 7. h3 a6 8. Bb3 Be6 9. Bc2 O-O 10. Nbd2 d5 11. exd5 Nxd5 12. Ne4 Be7 13. O-O Re8 14. Ng3 Nf4 15. Qd1 Bd6 16. Bxf4 exf4 17. Ne4 Bf8 18. d4 Bd5 19. Re1 Qd7 20. b4 Rad8 21. Qd3 f5 22. Nc5 Bxc5 23. bxc5 Be4 24. Qd1 Kh7 25. Nd2 Bd5 26. Bd3 g6 27. Rb1 Rxe1+ 28. Qxe1 Re8 29. Qd1 Nd8 30. Bc4 Be4 31. Nxe4 fxe4 32. Qc2 Qf5 33. Re1 f3 34. g4 Qf4 35. Bd5 e3 36. Rxe3 Rxe3 37. fxe3 Qg3+ 38. Kf1 Qxh3+ 39. Ke1 Qh1+ 40. Kd2 Qg2+ 41. Kd3 Qf1+ 42. Ke4 f2 43. Ke5 Qe1 44. Be4 f1=Q 45. Bxg6+ Kg7 46. Bh7 Qf6+ 47. Kd5 Qe6# 0-1


[Site "https://www.chess.com"]

[Event "Titled Tuesday Blitz December 7 2021"]
[White "Colbow, Collin"]
[Black "Nazaretyan, Tigran"]
[WhiteFideId "16201132"]
[BlackFideId "24162345"]
[WhiteElo "2137"]
[BlackElo "2192"]
[Result "1/2-1/2"]
[Round "07"]
[TimeControl "180+1"]
[Date "2021.12.07"]
[WhiteClock "0:00:05"]
[BlackClock "0:00:21"]

1. e4 c5 2. Nf3 Nc6 3. d4 cxd4 4. Nxd4 Nf6 5. Nc3 d6 6. Bg5 e6 7. Qd2 a6 8. O-O-O Bd7 9. f4 h6 10. Bxf6 Qxf6 11. Nf3 g5 12. fxg5 hxg5 13. Kb1 g4 14. Ne1 O-O-O 15. Nd3 Kb8 16. Be2 Bh6 17. Qe1 Qg5 18. Qg3 e5 19. Nd5 Nd4 20. Nc1 f5 21. exf5 Bxf5 22. Bd3 Rc8 23. c3 Bxd3+ 24. Qxd3 Nf5 25. Nb6 Rc6 26. Nc4 Ne3 27. Nxe3 Qxe3 28. Qg6 Qg5 29. Qe4 Rg8 30. Nd3 Qg6 31. Qxg6 Rxg6 32. Nb4 Rc8 33. Nd5 Rf8 34. Rhf1 Rxf1 35. Rxf1 e4 36. Re1 Rg5 37. Nf6 d5 38. c4 dxc4 39. Rxe4 g3 40. hxg3 Rxg3 41. Rxc4 Rxg2 42. Nd7+ Ka7 43. a4 Bg7 44. Rc2 Rg1+ 45. Ka2 Rd1 46. Nc5 a5 47. Nb3 b6 48. Nd2 Bh6 49. Nc4 Rd7 50. Na3 Bg7 51. Nb5+ Kb7 52. Kb3 Bf8 53. Ka2 Bc5 54. Kb3 Rd3+ 55. Rc3 Rd2 56. Rh3 Rd7 57. Rf3 Kc6 58. Rf6+ Kb7 59. Rf3 Rg7 60. Kc4 Kc8 61. b3 Kd7 62. Kd5 Rg5+ 63. Kc4 Rg4+ 64. Kd5 Rg5+ 65. Kc4 Ke6 66. Re3+ Kd7 67. Rf3 1/2-1/2


[Site "https://www.chess.com"]

[Event "Titled Tuesday Blitz December 7 2021"]
[White "Csonka, Balazs"]
[Black "Holtel, Jasper"]
[WhiteFideId "742910"]
[BlackFideId "12956376"]
[WhiteElo "2404"]
[BlackElo "2380"]
[Result "0-1"]
[Round "07"]
[TimeControl "180+1"]
[Date "2021.12.07"]
[WhiteClock "0:00:03"]
[BlackClock "0:00:01"]

1. d4 d5 2. Bf4 e6 3. e3 Nf6 4. Nf3 c5 5. c3 Nc6 6. Nbd2 cxd4 7. exd4 Nh5 8. Be3 Bd6 9. Ne5 g6 10. g4 Ng7 11. h4 Nxe5 12. dxe5 Bxe5 13. Nf3 Bd6 14. Bb5+ Bd7 15. Bxd7+ Qxd7 16. Bd4 Rg8 17. Ne5 Bxe5 18. Bxe5 O-O-O 19. Qd4 Ne8 20. Qxa7 Qb5 21. a4 Qa6 22. Qc5+ Qc6 23. Qb4 Nd6 24. a5 Nc4 25. Bg3 f5 26. b3 Nd6 27. O-O Ne4 28. Be5 fxg4 29. c4 g3 30. fxg3 Qc5+ 31. Qxc5+ Nxc5 32. Rf7 Nd3 33. Rc7+ Kb8 34. Rxh7+ Nxe5 35. cxd5 exd5 36. a6 Rd7 37. Rxd7 Nxd7 38. Rd1 Nb6 39. axb7 Kxb7 40. Kg2 Rd8 41. Kf3 d4 42. Kf4 d3 43. Ke3 d2 44. Rxd2 Rxd2 45. Kxd2 Kc6 46. Ke3 Kd5 47. Kf4 Ke6 48. Kg5 Kf7 49. Kh6 Nd5 50. g4 Nf6 51. g5 Ng4+ 52. Kh7 Ne3 53. h5 gxh5 54. g6+ Ke7 55. g7 Nd5 56. Kg6 Nf6 0-1


[Site "https://www.chess.com"]

[Event "Titled Tuesday Blitz December 7 2021"]
[White "Cvetanovic, Uros"]
[Black "Ianov, Viktor"]
[WhiteFideId "900672"]
[BlackFideId "14102730"]
[WhiteElo "2282"]
[BlackElo "2307"]
[Result "0-1"]
[Round "07"]
[TimeControl "180+1"]
[Date "2021.12.07"]
[WhiteClock "0:00:01"]
[BlackClock "0:01:12"]

1. Nc3 d6 2. e4 Nf6 3. d4 c6 4. f4 Qb6 5. Nf3 Bg4 6. e5 Nd5 7. Bc4 e6 8. Ne4 dxe5 9. c3 exd4 10. h3 Bxf3 11. Qxf3 dxc3 12. bxc3 Nd7 13. Bd2 Be7 14. Ke2 O-O 15. Rab1 Qc7 16. g4 Rae8 17. Bd3 f5 18. Ng3 Nc5 19. gxf5 Nxd3 20. Qxd3 exf5 21. Kf3 g6 22. h4 h5 23. Rbg1 Kh7 24. c4 Nb6 25. Be3 Rd8 26. Qc2 Qd7 27. Rd1 Qe6 28. Bxb6 axb6 29. Rhe1 Qf6 30. Rb1 Qxh4 31. Rh1 Qg4+ 32. Kg2 Bc5 33. Rbf1 Be3 34. Rh3 Rd2+ 35. Qxd2 Bxd2 36. Rfh1 Bxf4 37. Kf2 Bxg3+ 38. Rxg3 Qxc4 0-1


[Site "https://www.chess.com"]

[Event "Titled Tuesday Blitz December 7 2021"]
[White "Degtiarev, Evgeny"]
[Black "Eynullayev, Atilla"]
[WhiteFideId "4149610"]
[BlackFideId "13413570"]
[WhiteElo "2218"]
[BlackElo "1982"]
[Result "0-1"]
[Round "07"]
[TimeControl "180+1"]
[Date "2021.12.07"]
[WhiteClock "0:00:01"]
[BlackClock "0:00:12"]

1. d4 Nf6 2. c4 e6 3. g3 d5 4. Nf3 Bb4+ 5. Bd2 Be7 6. Bg2 O-O 7. Qc2 c6 8. O-O Ne4 9. Bf4 f5 10. b3 Nd7 11. a4 g5 12. Bc1 h5 13. Ba3 Nd6 14. Nbd2 Rf7 15. Ne5 Rg7 16. f4 g4 17. Rfe1 h4 18. Nf1 Nf6 19. Bxd6 Bxd6 20. c5 Be7 21. b4 h3 22. Bh1 Nd7 23. Nd2 Nxe5 24. dxe5 b6 25. Nb3 bxc5 26. Nxc5 a5 27. b5 Qb6 28. Rec1 cxb5 29. axb5 Bd7 30. Kf1 Bxb5 31. Rab1 Rc8 32. Na4 Rxc2 33. Nxb6 Bxe2+ 34. Ke1 Rxc1+ 35. Rxc1 Bb5 36. Rb1 Be8 37. Ra1 Bb4+ 38. Ke2 Rb7 0-1


[Site "https://www.chess.com"]

[Event "Titled Tuesday Blitz December 7 2021"]
[White "Diaz Camallonga, Carles"]
[Black "Aldokhin, Ivan"]
[WhiteFideId "22235256"]
[BlackFideId "24115720"]
[WhiteElo "2438"]
[BlackElo "2231"]
[Result "1-0"]
[Round "07"]
[TimeControl "180+1"]
[Date "2021.12.07"]
[WhiteClock "0:00:39"]
[BlackClock "0:00:01"]

1. d4 Nf6 2. Nf3 g6 3. Nbd2 Bg7 4. e4 d6 5. Bb5+ c6 6. Bd3 O-O 7. O-O Nbd7 8. h3 a6 9. a4 b6 10. e5 Nd5 11. Re1 dxe5 12. dxe5 Nc5 13. Bf1 Qc7 14. c3 Rd8 15. Qe2 Nf4 16. Qe3 Nfd3 17. Bxd3 Nxd3 18. Re2 c5 19. Nc4 Bb7 20. e6 f5 21. a5 b5 22. Nb6 f4 23. Nxa8 Bxa8 24. Qd2 Bxf3 25. gxf3 Qc6 26. Re4 Qd5 27. Qe2 Qf5 28. Kh2 c4 29. Bd2 Rd5 30. Rg1 Qh5 31. Rg4 Qf5 32. Kg2 h5 33. Rgxf4 Nxf4+ 34. Bxf4 Rd3 35. Be3 g5 36. Bc1 1-0


[Site "https://www.chess.com"]

[Event "Titled Tuesday Blitz December 7 2021"]
[White "Dmitrenko, Viktor"]
[Black "Yang, Kaiqi"]
[WhiteFideId "14110270"]
[BlackFideId "8604398"]
[WhiteElo "2262"]
[BlackElo "2373"]
[Result "1-0"]
[Round "07"]
[TimeControl "180+1"]
[Date "2021.12.07"]
[WhiteClock "0:00:14"]
[BlackClock "0:00:01"]

1. e4 c5 2. Nf3 Nf6 3. e5 Nd5 4. Nc3 Nxc3 5. dxc3 Nc6 6. Bf4 Qb6 7. b3 Qc7 8. Qd2 e6 9. h4 h6 10. h5 a6 11. Bd3 b5 12. Be4 Bb7 13. Rd1 Rd8 14. O-O Ne7 15. Rfe1 Bxe4 16. Rxe4 Qc6 17. Qe2 Nd5 18. Bd2 Be7 19. c4 Nb6 20. Rg4 Kf8 21. Ba5 b4 22. Qe4 Qc7 23. Rf4 Ke8 24. Rd3 Rb8 25. Nd2 Qb7 26. Qe2 Nc8 27. Ne4 Qc6 28. Rdf3 Rf8 29. Rg3 Rg8 30. Nf6+ Bxf6 31. exf6 Qd6 32. Rxg7 Rh8 33. Rfg4 Kf8 34. Qe3 1-0


[Site "https://www.chess.com"]

[Event "Titled Tuesday Blitz December 7 2021"]
[White "Druska, Juraj"]
[Black "Gabrielian, Artur"]
[WhiteFideId "14915650"]
[BlackFideId "4131002"]
[WhiteElo "2369"]
[BlackElo "2440"]
[Result "0-1"]
[Round "07"]
[TimeControl "180+1"]
[Date "2021.12.07"]
[WhiteClock "0:00:01"]
[BlackClock "0:00:02"]

1. d4 Nf6 2. Nf3 e6 3. Bf4 d5 4. e3 Bd6 5. Bg3 O-O 6. c4 Bb4+ 7. Nbd2 c5 8. a3 Bxd2+ 9. Qxd2 Ne4 10. Qc2 Qa5+ 11. Nd2 Nc6 12. dxc5 Rd8 13. Rd1 Nxg3 14. hxg3 h6 15. cxd5 Rxd5 16. Bc4 Rd8 17. Be2 Rd5 18. Bc4 Rd8 19. Bb3 b6 20. cxb6 Qxb6 21. O-O Ba6 22. Bc4 Rac8 23. Bxa6 Qxa6 24. Nf3 Nd4 25. Qe4 Ne2+ 26. Kh2 Qb5 27. g4 Qxb2 28. Rxd8+ Rxd8 29. Rb1 Qxa3 30. Ne5 Nc3 31. Qf4 Rf8 32. Rb7 Ne2 33. Qc4 Qd6 34. f4 Qd1 35. Kh3 Qh1# 0-1


[Site "https://www.chess.com"]

[Event "Titled Tuesday Blitz December 7 2021"]
[White "Dzhaparov, Medet"]
[Black "Bach, Ngoc Thuy Duong"]
[WhiteFideId "13803689"]
[BlackFideId "12408956"]
[WhiteElo "1702"]
[BlackElo "1896"]
[Result "0-1"]
[Round "07"]
[TimeControl "180+1"]
[Date "2021.12.07"]
[WhiteClock "0:00:02"]
[BlackClock "0:01:21"]

1. e4 c5 2. Nf3 d6 3. d4 cxd4 4. Nxd4 Nf6 5. Nc3 a6 6. Bg5 e6 7. f4 Qb6 8. Qd3 h6 9. Bxf6 gxf6 10. O-O-O Nd7 11. Be2 Qc7 12. f5 Nc5 13. Qh3 b5 14. Bh5 b4 15. Nxe6 Bxe6 16. fxe6 bxc3 17. exf7+ Kd8 18. Qxc3 Be7 19. e5 fxe5 20. Qxe5 Rf8 21. Rhe1 Rc8 22. Rxd6+ Qxd6 23. Rd1 Nd3+ 24. Rxd3 Qxd3 25. Qa5+ Rc7 26. Qxc7+ Kxc7 27. cxd3 Kd6 28. Kd2 Kd5 29. Ke3 Bg5+ 30. Kf3 Kd4 31. Kg4 Kxd3 32. h4 Bf6 33. g3 Bxb2 34. Kf5 a5 35. Kg6 Rh8 36. g4 Kc2 37. g5 hxg5 38. hxg5 Kb1 39. a4 Ka2 40. Bf3 Kb3 41. Bc6 Kb4 42. Kf5 Kc5 43. Bb5 Kd6 44. g6 Ke7 45. Ke4 Kf8 46. Kf5 Kg7 47. Bd3 Rh4 48. Be4 Bc3 0-1


[Site "https://www.chess.com"]

[Event "Titled Tuesday Blitz December 7 2021"]
[White "Faizrakhmanov, Ramil"]
[Black "Punin, Andrii"]
[WhiteFideId "24103209"]
[BlackFideId "14112639"]
[WhiteElo "2396"]
[BlackElo "2357"]
[Result "1-0"]
[Round "07"]
[TimeControl "180+1"]
[Date "2021.12.07"]
[WhiteClock "0:00:41"]
[BlackClock "0:00:07"]

1. e4 c6 2. d4 d5 3. e5 Bf5 4. Nf3 e6 5. Be2 c5 6. Be3 Qb6 7. Nc3 Nc6 8. O-O Qxb2 9. Qe1 cxd4 10. Nxd4 Bb4 11. Ndb5 d4 12. Rb1 Bxc3 13. Rxb2 Bxe1 14. Rxe1 O-O-O 15. Bg5 f6 16. Bh4 Nxe5 17. Nxa7+ Kb8 18. Nb5 Nh6 19. Bg3 d3 20. Bxd3 Bxd3 21. cxd3 Rxd3 22. Bxe5+ fxe5 23. h3 Nf7 24. a4 Rhd8 25. Kh2 Rd2 26. Re2 Rxb2 27. Rxb2 Rd3 28. a5 Nd8 29. h4 Nc6 30. a6 bxa6 31. Nd4+ Kc7 32. Nxe6+ Kd6 33. Nxg7 a5 34. Nf5+ Kc5 35. Rc2+ Kb5 36. g4 a4 37. g5 a3 38. h5 Nb4 39. Rc1 a2 40. g6 hxg6 41. hxg6 Rc3 42. Ra1 Rc8 43. Ne7 Re8 44. g7 Kc4 45. Kg3 Rg8 46. Nxg8 Kb3 47. Nf6 Nc2 48. Rxa2 1-0


[Site "https://www.chess.com"]